 Dungeon Crawl Stone Soup version 0.30.0-29-ga12c61a403 (webtiles) character file.

Game seed: 3258135240112869763

3827 qw the Cleaver (level 10, -6/63 HPs)
             Began as a Gargoyle Fighter on June 6, 2023.
             Was a Follower of Okawaru.
             Killed from afar by Maggie (13 damage)
             ... with a bolt of fire
             ... on level 8 of the Dungeon.
             The game lasted 00:05:25 (7411 turns).

qw the Cleaver (Gargoyle Fighter)                   Turns: 7411, Time: 00:05:26

Health: -6/63      AC: 24    Str: 21    XL:     10   Next: 17%
Magic:  11/12      EV: 10    Int: 13    God:    Okawaru [*.....]
Gold:   332        SH:  5    Dex:  8    Spells: 9/9 levels left

rFire   + . .        Y - +4 war axe
rCold   + . .        c - +0 buckler
rNeg    + . .        p - +0 chain mail
rPois   inf          e - +0 helmet
rElec   +            n - scarf {rC+ rF+}
rCorr   .            t - +1 pair of gloves
SInv    .            o - +0 pair of boots
Will    .....        (no amulet) Stlth
                     (no ring)
HPRegen 0.30/turn    (no ring)
MPRegen 0.13/turn

%: no passive effects
@: heroic, flying, mesmerised
A: sickness immunity, AC +7, negative energy resistance 1, electricity
resistance, torment resistance 1, petrification resistance, big wings, clever 1,
weak 1
a: Renounce Religion, Heroism


You were on level 8 of the Dungeon.
You worshipped Okawaru.
Okawaru was aware of your devotion.
You visited 2 branches of the dungeon, and saw 9 of its levels.

You collected 332 gold pieces.


Innate Abilities, Weirdness & Mutations

You are immune to sickness and miasma.
Your stone body is resilient. (AC +7)
You are immune to poison.
You resist negative energy. (rN+)
You are resistant to electric shocks. (rElec)
You are resistant to unholy torment.
You are immune to petrification.
Your large and strong wings let you fly.
Your mind is acute. (Int +4, Str/Dex -1)
You are weak. (Str -2)


   Skills:
 + Level 7.2(12.2) Fighting
 - Level 10.1(15.1) Axes
 - Level 2.2(7.2) Throwing
 - Level 6.1(11.1) Armour
 - Level 1.2(6.2) Dodging
 - Level 4.5(9.5) Shields
 + Level 3.7 Invocations


You had 9 spell levels left.
You didn't know any spells.
Your spell library was empty.

Inventory:

Hand Weapons
 q - a +0 morningstar
 Y - a +4 war axe (weapon)
Missiles
 m - a boomerang (quivered)
Armour
 a - a +1 cloak of stealth
 c - a +0 buckler (worn)
 e - a +0 helmet (worn)
 n - a scarf of resistance (worn)
 o - a +0 pair of boots (worn)
 p - a +0 chain mail (worn)
 t - a +1 pair of gloves (worn)
Scrolls
 h - 5 scrolls of identify
Potions
 b - 2 potions of attraction
 d - 3 potions of might
 f - 5 potions of mutation
 g - 4 potions of haste
 i - 3 potions of magic
 j - 2 potions of cancellation
 l - a potion of lignification
 r - a potion of curing

Dungeon Overview and Level Annotations

Branches:
Dungeon (8/15)             Temple (1/1) D:6
   Lair: D:8-11

Altars:
Ashenzari
Cheibriados
Dithmenos
Elyvilon
Fedhas
Gozag
Kikubaaqudgha
Makhleb
Nemelex Xobeh
Okawaru
Ru
Sif Muna
Trog
Vehumet
Wu Jian
Xom
Yredelemnul
Zin
The Shining One

Annotations:
D:8 2 transporters, Maggie; qw's ghost, novice GrFi


Message History

Maggie is lightly wounded.
Maggie hits you but does no damage.
You slash Maggie!
Maggie is moderately wounded.
Maggie points at you and mumbles some strange words.
The bolt of fire hits you! You resist.
7402 ||| INVOKING Heroism.
You gain the combat prowess of a mighty hero.
Maggie hits you with a +2 war axe of flaming!
Maggie burns you.
You hit Maggie.
Maggie is heavily wounded.
Maggie closely misses you.
You barely miss Maggie.
Maggie is heavily wounded.
Maggie gestures wildly while chanting.
Maggie draws you further into her thrall.
You closely miss Maggie.
Maggie is heavily wounded.
You slash Maggie!
Maggie is heavily wounded.
Maggie points at you and mumbles some strange words.
The bolt of fire hits you!! You resist.
You barely miss Maggie.
Maggie is heavily wounded.
Maggie zaps a wand.
You easily resist.
You hit Maggie.
Maggie is heavily wounded.
Maggie zaps a wand.
You easily resist.
You slash Maggie!
Maggie is severely wounded.
You completely miss Maggie.
Maggie is severely wounded.
Maggie zaps a wand.
You easily resist.
You barely miss Maggie.
Maggie is severely wounded.
Maggie practices a pose.
Maggie casts a spell at you. The bolt of fire hits you! You resist.
You die...

.... ####..##.....#
....##.....##.....#
........##.##.....#
......#...........#
..#....###.##.....#
.#..#......##.....#
...####^.#.##.....#
.## ##.#.##.....###
#......?.@...#
...............@..#
..............[...#
######............#
###.#........#
...##.#######
######.# ###


You could see Maggie (mesmerising, empowered).

Vanquished Creatures
  Psyche (D:8)
  Grinder (D:5)
  4 yaks (D:8)
  2 steam dragons
  Menkaure (D:7)
  Duvessa (D:7)
  A black bear (D:7)
  An ice beast (D:8)
  A wolf (D:5)
  An ogre (D:6)
  2 centaurs
  3 bullfrogs
  A gnoll sergeant (D:5)
  4 scorpions
  4 wights (D:6)
  Dowan (D:7)
  5 killer bees (D:8)
  A jelly (D:6)
  3 orc priests
  2 gnoll boudas (D:5)
  6 hounds
  2 iguanas
  Ijyb (D:3)
  A sleepcap (D:4)
  2 orc wizards
  7 gnolls (D:5)
  10 adders
  3 shadow imps
  A white imp (D:6)
  11 ufetubi
  3 worms
  25 orcs
  7 ball pythons
  6 endoplasms
  5 giant cockroaches
  7 goblins
  7 hobgoblins
  4 jackals (D:5)
  8 kobolds
  5 quokkas
  6 bats
  4 frilled lizards
  8 rats
  A spectral orc (D:6)
180 creatures vanquished.

Vanquished Creatures (others)
  An ufetubus (D:6)
  An orc (D:6)
  A rat (D:1)
3 creatures vanquished.

Grand Total: 183 creatures vanquished

Notes
Turn   | Place    | Note
-------+----------+-------------------------------------------
     0 | D:1      | qw the Gargoyle Fighter began the quest for the Orb.
     0 | D:1      | Reached XP level 1. HP: 14/14 MP: 1/1
     0 | D:1      | 0 ||| qw: Version: 0.2-a-108-gee2c290
     0 | D:1      | 0 ||| qw: Game counter: 1511
     0 | D:1      | 0 ||| qw: Always use a shield: true
     0 | D:1      | 0 ||| qw: God list: Okawaru
     0 | D:1      | 0 ||| qw: Allow faded altars: false
     0 | D:1      | 0 ||| qw: Do Orc after D:15 true
     0 | D:1      | 0 ||| qw: Do second Lair branch before Depths: true
     0 | D:1      | 0 ||| qw: Lair rune preference: random
     0 | D:1      | 0 ||| qw: Plans: Normal, Zot:1-4, Slime:5, God:TSO, Crypt,
                  | Tomb, Abyss, Pan, Hells, Win
     0 | D:1      | 0 ||| PLANNING D:1-11
    31 | D:1      | Reached skill level 2 in Axes
    83 | D:1      | Reached XP level 2. HP: 9/19 MP: 2/2
   258 | D:1      | 258 ||| Stepping ~*~*~tactically~*~*~ (hiding).
   262 | D:1      | 262 ||| Stepping ~*~*~tactically~*~*~ (hiding).
   532 | D:1      | 532 ||| Stepping ~*~*~tactically~*~*~ (stealth).
   536 | D:1      | Reached skill level 3 in Axes
   542 | D:1      | Reached XP level 3. HP: 22/23 MP: 3/3
   545 | D:1      | Found a faded altar of an unknown god.
   598 | D:1      | 598 ||| Stepping ~*~*~tactically~*~*~ (stealth).
   599 | D:1      | 599 ||| Stepping ~*~*~tactically~*~*~ (stealth).
   600 | D:1      | 600 ||| Stepping ~*~*~tactically~*~*~ (stealth).
   602 | D:1      | 602 ||| Stepping ~*~*~tactically~*~*~ (stealth).
   634 | D:1      | 634 ||| DROPPING +0 club.
  1342 | D:1      | 1342 ||| READING scroll labelled GEUTZU UTAOLI.
  1343 | D:1      | 1343 ||| READING 2 scrolls labelled WUMURO KEQIMIY.
  1344 | D:1      | 1344 ||| READING scroll labelled SIOPSO HEAMONE.
  1345 | D:1      | 1345 ||| DRINKING 2 golden potions.
  1345 | D:1      | Gained mutation: You are weak. (Str -2) [potion of
                  | mutation]
  1345 | D:1      | Gained mutation: Your large and strong wings let you fly.
                  | [potion of mutation]
  1345 | D:1      | Gained mutation: Your mind is acute. (Int +4, Str/Dex -1)
                  | [potion of mutation]
  1346 | D:1      | 1346 ||| DRINKING 2 dark potions.
  1409 | D:2      | 1409 ||| Stepping ~*~*~tactically~*~*~ (stealth).
  1507 | D:2      | Reached XP level 4. HP: 28/28 MP: 4/4
  1780 | D:2      | Reached skill level 4 in Axes
  1834 | D:2      | Identified the ring of Ufovvyth {Wiz Stlth+}
  2008 | D:2      | 2008 ||| UPGRADING to scarf of resistance.
  2013 | D:2      | 2013 ||| UPGRADING to +0 chain mail.
  2023 | D:2      | 2023 ||| DROPPING +0 scale mail.
  2024 | D:2      | 2024 ||| DROPPING ring of Ufovvyth {Wiz Stlth+}.
  2025 | D:2      | 2025 ||| READING scroll labelled XUYFAR FISM.
  2026 | D:2      | 2026 ||| READING scroll labelled OGA IDYBIRIOTO.
  2027 | D:2      | 2027 ||| READING scroll labelled YRAEHEHUGU.
  2097 | D:3      | Noticed Ijyb
  2099 | D:3      | 2099 ||| Stepping ~*~*~tactically~*~*~ (hiding).
  2115 | D:3      | HP: 7/28 [Ijyb/+0 club (1)]
  2116 | D:3      | 2116 ||| DRINKING potion of heal wounds.
  2120 | D:3      | Killed Ijyb
  2121 | D:3      | Reached XP level 5. HP: 21/32 MP: 5/5
  2275 | D:3      | 2275 ||| Stepping ~*~*~tactically~*~*~ (stealth).
  2280 | D:3      | 2280 ||| Stepping ~*~*~tactically~*~*~ (hiding).
  2290 | D:3      | Reached skill level 5 in Axes
  2314 | D:3      | 2314 ||| FLEEEEING.
  2315 | D:3      | 2315 ||| FLEEEEING.
  2316 | D:3      | 2316 ||| FLEEEEING.
  2323 | D:3      | 2323 ||| FLEEEEING.
  2324 | D:3      | 2324 ||| FLEEEEING.
  2325 | D:3      | 2325 ||| FLEEEEING.
  2326 | D:3      | 2326 ||| FLEEEEING.
  2327 | D:3      | 2327 ||| FLEEEEING.
  2328 | D:3      | 2328 ||| FLEEEEING.
  2329 | D:3      | 2329 ||| FLEEEEING.
  2330 | D:3      | 2330 ||| FLEEEEING.
  2331 | D:3      | 2331 ||| FLEEEEING.
  2332 | D:3      | 2332 ||| FLEEEEING.
  2333 | D:3      | 2333 ||| FLEEEEING.
  2355 | D:3      | 2355 ||| Stepping ~*~*~tactically~*~*~ (stealth).
  2359 | D:3      | 2359 ||| Stepping ~*~*~tactically~*~*~ (stealth).
  2456 | D:3      | Reached XP level 6. HP: 22/38 MP: 6/6
  2969 | D:3      | 2969 ||| UPGRADING to +0 helmet.
  2974 | D:3      | 2974 ||| UPGRADING to +0 pair of boots.
  2979 | D:3      | 2979 ||| READING scroll labelled CUTEITOPEA.
  2980 | D:3      | 2980 ||| DRINKING 2 red potions.
  2981 | D:3      | 2981 ||| DRINKING 2 murky purple potions.
  3015 | D:3      | 3015 ||| READING 2 scrolls of identify.
  3015 | D:3      | 3015 ||| IDENTIFYING silvery potion
  3266 | D:4      | 3266 ||| Stepping ~*~*~tactically~*~*~ (stealth).
  3280 | D:4      | Reached skill level 6 in Axes
  3341 | D:4      | 3341 ||| READING scroll of enchant weapon.
  3341 | D:4      | 3341 ||| ENCHANTING +1 war axe.
  3454 | D:4      | 3454 ||| DROPPING +0 whip.
  3521 | D:4      | Reached XP level 7. HP: 43/43 MP: 7/7
  3584 | D:4      | 3584 ||| Stepping ~*~*~tactically~*~*~ (stealth).
  3633 | D:4      | 3633 ||| Stepping ~*~*~tactically~*~*~ (stealth).
  3908 | D:4      | 3908 ||| UPGRADING to +0 pair of gloves.
  3913 | D:4      | 3913 ||| READING 2 scrolls labelled VUNENO UNLELIFE.
  3916 | D:4      | 3916 ||| READING scroll labelled CIFRUCIEKU.
  4017 | D:4      | 4017 ||| READING scroll labelled ZORPHI SACK.
  4018 | D:4      | 4018 ||| READING scroll labelled KIEWE HUVIOC.
  4019 | D:4      | 4019 ||| READING 3 scrolls of identify.
  4019 | D:4      | 4019 ||| IDENTIFYING metallic black potion
  4020 | D:4      | 4020 ||| READING 2 scrolls of identify.
  4020 | D:4      | 4020 ||| IDENTIFYING puce potion
  4021 | D:4      | 4021 ||| DROPPING potion of flight.
  4040 | D:5      | Entered Level 5 of the Dungeon
  4168 | D:5      | 4168 ||| READING scroll of enchant armour.
  4168 | D:5      | 4168 ||| ENCHANTING +0 pair of gloves.
  4239 | D:5      | Reached skill level 7 in Axes
  4371 | D:5      | HP: 7/44 [gnoll sergeant/+0 spear (7)]
  4372 | D:5      | 4372 ||| READING scroll of teleportation.
  4373 | D:5      | 4373 ||| DRINKING potion of heal wounds.
  4561 | D:5      | 4561 ||| Stepping ~*~*~tactically~*~*~ (stealth).
  4618 | D:5      | 4618 ||| Stepping ~*~*~tactically~*~*~ (hiding).
  4767 | D:5      | Noticed Grinder
  4775 | D:5      | Reached skill level 1 in Dodging
  4775 | D:5      | Reached XP level 8. HP: 40/49 MP: 8/8
  4775 | D:5      | 4775 ||| FLEEEEING.
  4776 | D:5      | 4776 ||| FLEEEEING.
  4777 | D:5      | 4777 ||| FLEEEEING.
  4778 | D:5      | 4778 ||| FLEEEEING.
  4779 | D:5      | 4779 ||| FLEEEEING.
  4780 | D:5      | 4780 ||| FLEEEEING.
  4815 | D:5      | Paralysed by Grinder for 5 turns
  4823 | D:5      | Paralysed by Grinder for 3 turns
  4826 | D:5      | 4826 ||| FLEEEEING.
  4831 | D:5      | Killed Grinder
  5040 | D:5      | 5040 ||| READING 2 scrolls of identify.
  5040 | D:5      | 5040 ||| IDENTIFYING lumpy red potion
  5129 | D:6      | Reached skill level 8 in Axes
  5205 | D:6      | Found a sacrificial altar of Ru.
  5505 | D:6      | 5505 ||| Stepping ~*~*~tactically~*~*~ (stealth).
  5576 | D:6      | Found a staircase to the Ecumenical Temple.
  5577 | D:6      | 5577 ||| PLANNING TEMPLE
  5586 | Temple   | Entered the Ecumenical Temple
  5812 | Temple   | 5812 ||| PLANNING D:1-11
  5949 | D:6      | Reached skill level 6 in Fighting
  6012 | D:6      | HP: 11/51 [wight/+4 war axe (10)]
  6013 | D:6      | 6013 ||| DRINKING potion of heal wounds.
  6015 | D:6      | Reached XP level 9. HP: 38/55 MP: 9/9
  6074 | D:6      | 6074 ||| SWAPPING to +4 war axe.
  6075 | D:6      | 6075 ||| DROPPING +2 war axe.
  6220 | D:6      | Reached skill level 9 in Axes
  6281 | D:6      | Found a basalt altar of Yredelemnul.
  6325 | D:7      | Found a shimmering altar of Xom.
  6341 | D:7      | Noticed Menkaure
  6349 | D:7      | Killed Menkaure
  6415 | D:7      | Found a bloodstained altar of Trog.
  6472 | D:7      | 6472 ||| Stepping ~*~*~tactically~*~*~ (stealth).
  6480 | D:7      | 6480 ||| Stepping ~*~*~tactically~*~*~ (stealth).
  6481 | D:7      | 6481 ||| Stepping ~*~*~tactically~*~*~ (stealth).
  6483 | D:7      | 6483 ||| Stepping ~*~*~tactically~*~*~ (hiding).
  6487 | D:7      | 6487 ||| Stepping ~*~*~tactically~*~*~ (stealth).
  6521 | D:7      | 6521 ||| DROPPING +2 vampiric whip.
  6540 | D:7      | Found an iron altar of Okawaru.
  6540 | D:7      | Found the +6 shillelagh "Devastator" {shatter}
  6541 | D:7      | 6541 ||| PLANNING OKAWARU WORSHIP
  6545 | D:7      | Became a worshipper of Warmaster Okawaru
  6545 | D:7      | 6545 ||| PLANNING D:1-11
  6650 | D:7      | Noticed Duvessa
  6652 | D:7      | Noticed Dowan
  6671 | D:7      | Killed Duvessa
  6677 | D:7      | Killed Dowan
  6790 | D:7      | 6790 ||| READING scroll labelled EGUIBU DUURGH.
  6791 | D:7      | 6791 ||| READING 2 scrolls of identify.
  6791 | D:7      | 6791 ||| IDENTIFYING bubbling green potion
  6802 | D:8      | 6802 ||| Stepping ~*~*~tactically~*~*~ (stealth).
  6897 | D:8      | 6897 ||| Stepping ~*~*~tactically~*~*~ (stealth).
  6898 | D:8      | 6898 ||| Stepping ~*~*~tactically~*~*~ (stealth).
  6899 | D:8      | 6899 ||| Stepping ~*~*~tactically~*~*~ (stealth).
  6924 | D:8      | Noticed Psyche
  6936 | D:8      | Killed Psyche
  7061 | D:8      | Reached * piety under Okawaru
  7062 | D:8      | Reached skill level 10 in Axes
  7115 | D:8      | Found a transporter.
  7116 | D:8      | Noticed qw's ghost (novice GrFi)
  7136 | D:8      | Found a transporter.
  7163 | D:8      | Reached skill level 1 in Invocations
  7175 | D:8      | 7175 ||| Stepping ~*~*~tactically~*~*~ (stealth).
  7183 | D:8      | Reached XP level 10. HP: 61/63 MP: 9/11
  7187 | D:8      | 7187 ||| INVOKING Heroism.
  7193 | D:8      | Reached skill level 6 in Armour
  7193 | D:8      | Reached skill level 3 in Invocations
  7216 | D:8      | 7216 ||| INVOKING Heroism.
  7392 | D:8      | Noticed Maggie
  7394 | D:8      | Paralysed by Maggie for 2 turns
  7402 | D:8      | 7402 ||| INVOKING Heroism.
  7406 | D:8      | HP: 5/63 [Maggie/bolt of fire (18)]
  7411 | D:8      | Killed from afar by Maggie

Levels and vault maps discovered:
D:1:      scummos_arrival_forest, layout_rooms, basic_ecumenical_altar,
          minmay_hedge_maze, nrook_campfire, solitary_fountain, minmay_tall_x
D:2:      layout_loops_ring, chequers_jeans
D:3:      layout_loops_ring, serial_bayou, serial_bayou_ford_a,
          serial_bayou_pond_e, serial_bayou_pond_d, serial_bayou_pond_e,
          kennysheep_generic_room_13, uniq_ijyb
D:4:      layout_loops_ring, minmay_misc_feat_roman, kennysheep_nondescript
D:5:      layout_cave_pods, serial_gnoll_camp, gnoll_camp_mini_loothouse,
          gnoll_camp_mini_hut, gnoll_camp_mini_hut, gnoll_camp_mini_doghouse,
          gnoll_camp_mini_basic, uniq_grinder
D:6:      layout_basic, lemuel_doored_altar,
          yredelemnul_forgotten_temple_becter, temple_statues, serial_demonic,
          serial_demonic_a, serial_demonic_b, serial_demonic_g,
          serial_demonic_d, serial_demonic_a, serial_demonic_d
D:7:      layout_rooms, okawaru_ov_weapons_minmay, kennysheep_mini,
          xom_butterflies, uniq_duvessa, uniq_menkaure
D:8:      layout_rooms, gammafunk_ghost_stat_death, uniq_psyche, uniq_maggie
Temple:   eino_temple_water

Skill      XL: |  1  2  3  4  5  6  7  8  9 10 |
---------------+-------------------------------+-----
Axes           | 2 3 4 5 6 7 8 10 | 10.1
Fighting       | 4 5 6 7 |  7.2
Armour         | 4 5 6 |  6.1
Dodging        | 1 |  1.2
Throwing       | 2 |  2.2
Shields        | 4 |  4.5
Invocations    | 2 3 |  3.7

Action                     |  1- 3 |  4- 6 |  7- 9 | 10-12 || total
---------------------------+-------+-------+-------+-------++-------
  Melee: War axe           |   141 |   183 |   309 |    33 ||   666
         Unarmed           |       |       |     1 |       ||     1
  Throw: Boomerang         |       |    58 |    41 |       ||    99
 Invoke: Heroism           |       |       |       |     3 ||     3
    Use: Scroll            |     3 |     6 |    11 |       ||    20
         Potion            |     2 |     3 |     2 |       ||     7
 Armour: Scale mail        |    51 |    14 |       |       ||    65
         Chain mail        |       |    85 |   325 |    11 ||   421
  Dodge: Dodged            |    34 |    53 |   153 |    11 ||   251
  Block: Buckler           |    19 |    23 |    75 |     4 ||   121

Table legend:
 A = Non-vault XP
 B = Vault XP
 C = Vault XP percentage of total XP
 D = Non-vault monster count
 E = Vault monster count
 F = Vault count percentage of total count
                 A         B        C        D         E       F
            +---------+---------+-------+---------+---------+-------
      Total |    3750 |    1718 |  31.4 |     140 |      41 |  22.7
            +---------+---------+-------+---------+---------+-------
        D:1 |      42 |       6 |  12.5 |      26 |       4 |  13.3
        D:2 |      65 |       0 |   0.0 |      12 |       0 |   0.0
        D:3 |     215 |      38 |  15.0 |      34 |       2 |   5.6
        D:4 |     288 |       0 |   0.0 |      26 |       0 |   0.0
        D:5 |     102 |     833 |  89.1 |       3 |      20 |  87.0
        D:6 |     924 |      87 |   8.6 |      18 |      11 |  37.9
        D:7 |     485 |     375 |  43.6 |       8 |       3 |  27.3
        D:8 |    1629 |     379 |  18.9 |      13 |       1 |   7.1
            +---------+---------+-------+---------+---------+-------
